 Dungeon Crawl Stone Soup version 0.24.0-125-gc4c63601f3 (webtiles) character file.

Game seed: 9560086137344620385, levelgen mode: deterministic

202 Ceapi the Cudgeler (level 5, -3/48 HPs)
             Began as a Minotaur Berserker on Feb 17, 2020.
             Was a Priest of Trog.
             Killed from afar by Sigmund (10 damage)
             ... with a puff of flame
             ... on level 3 of the Dungeon.
             The game lasted 00:10:18 (2318 turns).

Ceapi the Cudgeler (Minotaur Berserker)             Turns: 2318, Time: 00:10:19

Health: -3/48      AC: 13    Str: 23    XL:     5   Next: 50%
Magic:  4/4        EV:  8    Int:  4    God:    Trog [***...]
Gold:   147        SH:  2    Dex:  9    Spells: 4/4 levels left

rFire    . . .     SeeInvis .   a - +0 mace
rCold    . . .     Gourm    .   t - +0 buckler
rNeg     . . .     Faith    .   o - +0 chain mail
rPois    .         Spirit   .   (helmet restricted)
rElec    .         Reflect  .   (no cloak)
rCorr    .         Harm     .   m - +1 pair of gloves
MR       .....                  b - +0 pair of boots
Stlth    ..........             (no amulet)
HPRegen  0.16/turn              (no ring)
MPRegen  0.09/turn              (no ring)

@: no status effects
A: retaliatory headbutt, horns 2
a: Berserk, Trog's Hand, Renounce Religion


You were on level 3 of the Dungeon.
You worshipped Trog.
Trog was most pleased with you.
You were not hungry.

You visited 1 branch of the dungeon, and saw 3 of its levels.

You collected 147 gold pieces.

Inventory:

Hand Weapons
 a - a +0 mace (weapon)
Armour
 b - a +0 pair of boots (worn)
 m - a +1 pair of gloves (worn)
 o - a +0 chain mail (worn)
 t - a +0 buckler (worn)
Jewellery
 f - an uncursed amulet of faith {unknown}
 h - an uncursed ring of flight {unknown}
 l - an uncursed amulet of magic regeneration {unknown}
 q - a cursed -5 ring of evasion {unknown}
 r - an uncursed ring of protection from fire {unknown}
Scrolls
 i - 2 scrolls of enchant weapon {unknown}
 j - 3 scrolls of remove curse {unknown}
 n - 2 scrolls of identify {unknown}
 s - a scroll of teleportation {unknown}
Potions
 d - a potion of flight {unknown}
 e - 2 potions of heal wounds {unknown}
 g - a potion of lignification {unknown}
 p - a potion of berserk rage {unknown}
Comestibles
 c - 4 rations
 k - 4 chunks of flesh


   Skills:
 + Level 5.2 Fighting
 + Level 5.2 Maces & Flails
 + Level 4.5 Armour
 - Level 2.1 Dodging
 + Level 0.0 Shields


You had 4 spell levels left.
You didn't know any spells.
Your spell library was empty.

Dungeon Overview and Level Annotations

Branches:
Dungeon (3/15)

Altars:

Annotations:
D:3 Sigmund


Innate Abilities, Weirdness & Mutations

You reflexively headbutt those who attack you in melee.
You have a pair of horns on your head.


Message History

You hit something but do no damage.
You hear some strange, mumbled words.
Something tries to affect you, but you resist.
You hit something.
Sigmund appears from thin air!
Reactivating autopickup.
Sigmund casts a spell.
Sigmund flickers and vanishes!
Deactivating autopickup; reactivate with Ctrl-A.
You miss something. Your headbutt misses something.
You hear some strange, mumbled words.
Something tries to affect you, but you resist.
You hit something. Your headbutt misses something.
You hear some strange, mumbled words.
A magic dart appears from out of thin air!
The magic dart hits you.
* * * LOW HITPOINT WARNING * * *
You hear some strange, mumbled words.
A puff of flame appears from out of thin air!
The puff of flame hits you!
You die...

................
#.####.#...#......#####.###
...........#..... #..###
..............##. #)##..
.......... #.....## #)#..#
.........# #.# #..# ##(#.##
.........###.# #..###..(.#
........)##..####......###
........){@..........#(..#
.##....))....###...#.###.#
#..........# #.###(<##.##
###............# ##.รท....
#........##### ####...
..........# ###.
###.......... .
#........### . ##########


There were no monsters in sight!

Vanquished Creatures
  An orc priest (D:3)
  4 gnolls (D:3)
  2 adders
  4 oozes
  4 worms (D:2)
  A dart slug (D:1)
  2 leopard geckos (D:1)
  9 orcs (D:3)
  7 bats
  9 goblins
  10 hobgoblins
  6 kobolds
  2 quokkas (D:2)
  2 ball pythons (D:1)
  4 frilled lizards
  7 rats
74 creatures vanquished.

Notes
Turn   | Place    | Note
-------+----------+-------------------------------------------
     0 | D:1      | Ceapi the Minotaur Berserker began the quest for the Orb.
     0 | D:1      | Reached XP level 1. HP: 19/19 MP: 0/0
   206 | D:1      | Reached XP level 2. HP: 27/27 MP: 1/1
   648 | D:1      | Reached XP level 3. HP: 30/33 MP: 2/2
   742 | D:1      | Reached ** piety under Trog
  1149 | D:2      | Reached XP level 4. HP: 33/41 MP: 3/3
  2054 | D:3      | Reached skill level 5 in Maces & Flails
  2054 | D:3      | Reached XP level 5. HP: 37/47 MP: 4/4
  2055 | D:3      | Reached skill level 5 in Fighting
  2059 | D:3      | Reached *** piety under Trog
  2279 | D:3      | Noticed Sigmund
  2318 | D:3      | Killed from afar by Sigmund

Levels and vault maps discovered:
D:1:      saegor_arrival_miasma, layout_rooms, st_stairs_10,
          grunt_decor_one_mirror, minmay_pentomino_o2
D:2:      layout_rooms
D:3:      layout_rooms, first_ration, cheibrodos_sewer_entry_bend,
          minmay_misc_feat_roman, uniq_terence, uniq_sigmund, uniq_robin

Skill      XL: |  1  2  3  4  5 |
---------------+----------------+-----
Fighting       | 4 5 |  5.2
Maces & Flails | 4 5 |  5.2
Armour         | 3 4 |  4.5
Dodging        | |  2.1

Action                   |  1- 3 |  4- 6 || total
-------------------------+-------+-------++-------
Melee: Mace              |   106 |    87 ||   193
       Headbutt          |    15 |    19 ||    34
Invok: Berserk           |       |     2 ||     2
  Eat: Chunk             |     1 |     6 ||     7
Armor: Animal skin       |    12 |       ||    12
       Chain mail        |    39 |    41 ||    80
Dodge: Dodged            |    84 |    25 ||   109
Block: Buckler           |       |     1 ||     1
